 Dungeon Crawl Stone Soup version 0.24.0-13-gcf9b3192b9 (webtiles) character file.

Game seed: 17520021449314563568, levelgen mode: deterministic

113 Inarius the Chopper (level 4, -6/38 (40) HPs)
             Began as a Ghoul Monk on Nov 5, 2019.
             Killed from afar by Crazy Yiuf (7 damage)
             ... with a puff of flame
             ... while paralysed by Crazy Yiuf
             ... on level 3 of the Dungeon.
             The game lasted 00:03:02 (3026 turns).

Inarius the Chopper (Ghoul Monk)                    Turns: 3026, Time: 00:03:02

HP:   -6/38 (40)    AC: 13    Str: 15    XL:     4   Next: 96%
MP:   3/3           EV:  2    Int:  5    God:
Gold: 233           SH:  0    Dex: 17    Spells: 3/3 levels left

rFire    . . .     SeeInvis .   a - +0 hand axe
rCold    + . .     Gourm    .   (no shield)
rNeg     + + +     Faith    .   p - +0 chain mail
rPois    ∞         Spirit   .   k - +0 helmet
rElec    .         Reflect  .   (no cloak)
rCorr    .         Harm     .   (no gloves)
MR       .....                  (no boots)
Stlth    ..........             (no amulet)
HPRegen  0.00/turn              t - +4 ring of protection
MPRegen  0.08/turn              s - +6 ring of dexterity

@: paralysed, rotting
A: rotting body, claws 1, carnivore, cold resistance 1, negative energy
resistance 3, inhibited regeneration, torment resistance, unbreathing
a: no special abilities


You were on level 3 of the Dungeon.
You were not hungry.

You visited 1 branch of the dungeon, and saw 3 of its levels.

You collected 233 gold pieces.

Inventory:

Hand Weapons
 a - a +0 hand axe (weapon)
Armour
 k - a +0 helmet (worn)
 p - a +0 chain mail (worn)
Jewellery
 b - an uncursed ring of ice
 h - an uncursed ring of protection from fire
 j - a +3 ring of dexterity
 s - a +6 ring of dexterity (right claw)
 t - a +4 ring of protection (left claw)
Scrolls
 d - a scroll of immolation {unknown}
 e - a scroll of enchant armour {unknown}
 m - 2 scrolls of teleportation {unknown}
 q - 2 scrolls of remove curse
 r - a scroll of noise {unknown}
Potions
 g - a potion of invisibility {unknown}
 i - a potion of degeneration {unknown}
 l - a potion of magic {unknown}
 n - a potion of curing {unknown}
 o - 2 potions of agility
 u - a potion of ambrosia {unknown}
 v - a potion of brilliance {unknown}
Comestibles
 c - 9 rations


   Skills:
 + Level 3.6 Fighting
 * Level 4.0 Axes
 * Level 1.6 Armour
 + Level 3.1 Dodging
 - Level 2.1 Stealth


You had 3 spell levels left.
You didn't know any spells.
Your spell library was empty.

Dungeon Overview and Level Annotations

Branches:
Dungeon (3/15)

Altars:
Sif Muna
The Shining One

Annotations:
D:3 Crazy Yiuf


Innate Abilities, Weirdness & Mutations

Your body is rotting away.
You thrive on raw meat.
You are immune to poison.
You have sharp fingernails.
You are carnivorous and can eat meat at any time.
Your flesh is cold resistant. (rC+)
You are immune to negative energy. (rN+++)
You do not regenerate when monsters are visible.
You are immune to unholy pain and torment.
You can survive without breathing.


Message History

* * * LOW HITPOINT WARNING * * *
You closely miss Crazy Yiuf.
Crazy Yiuf is severely wounded.
Crazy Yiuf hits you but does no damage.
Crazy Yiuf zaps a wand.
The puff of flame hits you.
* * * LOW HITPOINT WARNING * * *
Crazy Yiuf zaps a wand.
The puff of flame hits you.
* * * LOW HITPOINT WARNING * * *
It was a potion of cancellation.
Your magical effects are unravelling.
You feel magically purged.
You feel yourself speed up. Crazy Yiuf barely misses you.
Crazy Yiuf screams, "Nubble fast mumblescurry!"
Crazy Yiuf whimpers, "Action!"
Crazy Yiuf hits you with a +4 quarterstaff of chaos.
* * * LOW HITPOINT WARNING * * *
You suddenly lose the ability to move!
Crazy Yiuf zaps a wand.
The puff of flame hits you!
You die...

###################
#.<...............#
#.####.############
........# #.####..# #.#
#..# ####♣♣ ### #.# #..#
##....♣♣ ♣♣#..)#
#.####..#
#......♣♣♣♣.'...#
........#
#...@g..♣..♣#...# ###
..#####.#####......♣.♣♣♣
### #.. .##
#.......###♣♣♣♣♣ #.#
..###########.# #.#
#.........# #.# ###
###.. ..#######.# #.#
#.# #.### .## #.# #.#
#.# #.# # ..# ##.###.#
#.# #.### #.# #...##.#
#.# #....


You could see Crazy Yiuf.

Vanquished Creatures
  Terence (D:3)
  3 adders
  An ooze (D:2)
  4 worms
  A leopard gecko (D:3)
  2 orcs (D:3)
  6 bats
  2 giant cockroaches
  2 goblins
  5 hobgoblins
  3 jackals (D:2)
  2 frilled lizards
  7 kobolds
  4 rats
43 creatures vanquished.

Notes
Turn   | Place    | Note
-------+----------+-------------------------------------------
     0 | D:1      | Inarius the Ghoul Monk began the quest for the Orb.
     0 | D:1      | Reached XP level 1. HP: 19/19 MP: 0/0
   394 | D:1      | Reached XP level 2. HP: 23/26 MP: 1/1
   452 | D:1      | Reached skill level 3 in Axes
   778 | D:2      | Reached XP level 3. HP: 16/31 MP: 2/2
   816 | D:2      | Found a glowing golden altar of the Shining One.
   827 | D:2      | Found a shimmering blue altar of Sif Muna.
  1081 | D:2      | Reached skill level 1 in Armour
  1462 | D:2      | Reached XP level 4. HP: 8/40 MP: 3/3
  2079 | D:3      | Found a runed translucent door.
  2080 | D:3      | Noticed Crazy Yiuf
  2645 | D:3      | Noticed Terence
  2671 | D:3      | Killed Terence
  2671 | D:3      | Reached skill level 4 in Axes
  3024 | D:3      | HP: 1/38 [Crazy Yiuf/+4 quarterstaff of chaos (1)]
  3024 | D:3      | Paralysed by Crazy Yiuf for 3 turns
  3026 | D:3      | Killed from afar by Crazy Yiuf

Levels and vault maps discovered:
D:1:      wander_arrival_fairy_ring, layout_basic, serial_curves,
          eino_curves_04, eino_curves_03
D:2:      layout_basic, amethyst_overflow_temple_binary, grunt_decor_fettered
D:3:      layout_loops_ring, minmay_quadrilaterals, uniq_crazy_yiuf_cottage,
          uniq_terence

Skill      XL: |  1  2  3  4 |
---------------+-------------+-----
Axes           | 3 4 |  4.0
Dodging        | 3 |  3.1
Armour         | 1 |  1.6
Fighting       | |  3.6
Stealth        | |  2.1

Action                   |  1- 3 |  4- 6 || total
-------------------------+-------+-------++-------
Melee: Hand axe          |   113 |   111 ||   224
  Use: Scroll            |       |     3 ||     3
       Potion            |       |     1 ||     1
 Stab: Sleeping          |     4 |       ||     4
  Eat: Chunk             |    16 |     6 ||    22
Armor: Robe              |    16 |       ||    16
       Chain mail        |    21 |    62 ||    83
Dodge: Dodged            |    93 |    40 ||   133
